 Dungeon Crawl Stone Soup version bcrawl-1.28.1b (webtiles) character file.

Game seed: 2601614874523704981

500148 Morbidden the Fighter (level 12, -20/108 HPs)
             Began as a Hill Orc Archaeologist on Jan 1, 2021.
             Was the Champion of Cheibriados.
             Demolished by an ice devil (22 damage)
             ... in an ice cave.
             The game lasted 00:19:49 (10716 turns).

Morbidden the Fighter (Hill Orc Archaeologist)     Turns: 10716, Time: 00:19:50

Health: -20/108    AC: 19    Str: 34    XL:     12   Next: 89%
Magic:  33/33      EV: 17    Int: 32    God:    Cheibriados [******]
Gold:   1166       SH:  0    Dex: 24    Spells: 16/23 levels left

rFire    + . .     SeeInvis .   a - +6 staff of Battle {slice, MP+12}
rCold    . . .     Gourm    .   (shield currently unavailable)
rNeg     . . .     Faith    .   j - quicksilver dragon scales
rPois    +         Spirit   .   c - +1 hat
rElec    .         Reflect  .   (no cloak)
rCorr    .         Harm     .   J - +1 pair of gloves {Str+3}
MR       +....                  d - +1 pair of boots
Stlth    +++++.....             (no amulet)
HPRegen  0.28/turn              H - ring of protection from fire
MPRegen  0.23/turn              L - ring "Imeuntem" {rPois Stlth++}

@: very slow
A: no striking features
a: Bend Time, Temporal Distortion, Slouch, Step From Time, Renounce Religion


You were in an ice cave.
You worshipped Cheibriados.
Cheibriados was exalted by your worship.
You were not hungry.

You visited 2 branches of the dungeon, and saw 12 of its levels.
You also visited: Ossuary and Ice Cave.

You collected 1166 gold pieces.

Inventory:

Hand Weapons
 a - the +6 staff of Battle (weapon) {slice, MP+12}
   (You acquired it on level 3 of the Dungeon)

   It will always inflict at least some extra damage.
   This minimum extra damage increases with your current reserve of magical
   power.
   It affects your magic capacity (+12).
 b - a +1 shortbow
 D - a +0 hunting sling
 M - a +1 bardiche of freezing
 R - a +2 quick blade of freezing
Missiles
 h - 132 poisoned tomahawks (quivered)
 m - 125 bolts
 n - 852 sling bullets
 p - 2386 stones
 E - 740 arrows
Armour
 c - a +1 hat (worn)
 d - a +1 pair of boots (worn)
 j - quicksilver dragon scales (worn)
 J - a +1 pair of gloves of strength (worn)
Jewellery
 v - an uncursed ring of resist corrosion
 F - an uncursed ring of insulation
 H - a ring of protection from fire (left hand)
 L - the ring "Imeuntem" (right hand) {rPois Stlth++}
   (You acquired it on level 6 of the Dungeon)

   [ring of stealth]

   It protects you from poison.
   It makes you much more stealthy.
Wands
 f - a wand of polymorph (17)
 x - a wand of iceblast (10)
 N - a wand of flame (34)
 O - a wand of disintegration (13)
Scrolls
 i - 8 scrolls of identify
 l - 6 scrolls of remove curse
 o - 2 scrolls of enchant armour {unknown}
 q - 4 scrolls of noise {unknown}
 r - 2 scrolls of fog {unknown}
 t - 4 scrolls of enchant weapon
 y - 9 scrolls of teleportation
 C - 2 scrolls of blinking
 I - a scroll of fear
Potions
 g - a potion of agility
 k - 2 potions of might
 s - 4 potions of curing
 u - 2 potions of resistance
 w - 3 potions of magic
 z - 2 potions of brilliance
 A - 2 potions of flight
 B - 2 potions of lignification
 K - 3 potions of mutation
 P - a potion of ambrosia
Comestibles
 e - 30 rations {!d}


   Skills:
 * Level 10.7 Fighting
   Level 10.7 Short Blades
   Level 10.7 Long Blades
   Level 10.7 Axes
   Level 10.7 Maces & Flails
   Level 10.7 Polearms
   Level 10.7 Staves
 + Level 2.2 Bows
 + Level 10.5 Armour
 * Level 6.3 Dodging
 + Level 4.2 Stealth
   Level 10.7 Unarmed Combat
 * Level 6.2 Spellcasting
 * Level 5.9 Conjurations
 * Level 9.2 Invocations
 + Level 0.5 Evocations


You had 16 spell levels left.
You knew the following spells:

 Your Spells              Type           Power        Failure   Level  Hunger
q - Mana Rupture          Conj/Hex       ####......   100%        7    #######

Your spell library contained the following spells:

 Spells                   Type           Power        Failure   Level  Hunger
 Magic Dart               Conj           ####         1%          1    None
 Throw Frost              Conj/Ice       ####..       1%          2    None
 Conjure Flame            Conj/Fire      ####....     4%          3    #......
 Dazzling Orbs            Conj/Hex       ####...      4%          3    #......
 Stone Arrow              Conj/Erth      ####..       4%          3    #......
 Corona                   Hex            #......      6%          1    None
 Freeze                   Ice            #.....       6%          1    None
 Sandblast                Erth           #.....       6%          1    None
 Summon Small Mammal      Summ           #...         6%          1    None
 Mephitic Cloud           Conj/Pois/Air  ###.....     8%          3    #......
 Blink                    Tloc           N/A          9%          2    None
 Call Imp                 Summ           #.....       9%          2    None
 Passwall                 Tmut/Erth      #.......     9%          2    None
 Shackle                  Hex            #.......     9%          2    None
 Call Canine Familiar     Summ           #.......     17%         3    #......
 Confuse                  Hex            #.......     17%         3    #......
 False Image              Hex/Summ       #.......     17%         3    #......
 Inner Flame              Hex/Fire       N/A          17%         3    #......
 Ozocubu's Armour         Chrm/Ice       #.......     17%         3    #......
 Spider Form              Tmut/Pois      #..          17%         3    #......
 Throw Icicle             Conj/Ice       ####....     17%         4    ####...
 Cause Fear               Hex            #.........   50%         4    ####...
 Ice Form                 Ice/Tmut       #.......     50%         4    ####...
 Petrify                  Tmut/Erth      #.........   50%         4    ####...
 Summon Ice Beast         Ice/Summ       #.......     50%         4    ####...
 Yara's Violent Unravell  Hex/Tmut       #.........   50%         4    ####...
 Lee's Rapid Deconstruct  Erth           #.........   85%         5    #####..
 Metabolic Englaciation   Hex/Ice        #.........   85%         5    #####..
 Summon Lightning Spire   Summ/Air       #.......     85%         5    #####..


Dungeon Overview and Level Annotations

Branches:
Dungeon (10/12)            Temple (0/1) D:4            Lair (2/6) D:9
  Swamp: Lair:2-4    Shoals: Lair:2-4     Snake: Lair:2-4    Spider: Lair:2-4
    Orc: D:8-11

Altars:
Cheibriados
Fedhas
Gozag
Hepliaklqana
Lugonu
Nemelex Xobeh
Okawaru
Qazlal
Ru
Trog
Uskayaw
Vehumet
Wu Jian
Xom
Zin
The Shining One

Shops:
D:6 [

Annotations:
D:10 2 transporters, lis82's ghost, journeyman DgAE


Message History

The ice devil misses you. The ice devil hits you. The ice devil freezes you!
The ice devil hits you but does no damage.
The ice devil hits you but does no damage.
You hit the ice devil.
Snnnck.
The ice devil is lightly wounded.
Your spectral weapon hits the ice devil!
The ice devil hits you! The ice devil freezes you!
* * * LOW HITPOINT WARNING * * *
You slice the ice devil!!
The ice devil is almost dead.
Your spectral weapon barely misses the ice devil.
The ice devil hits you.
* * * LOW HITPOINT WARNING * * *
The ice devil freezes you!
* * * LOW HITPOINT WARNING * * *
No path to travel!
The ice devil hits you!
* * * LOW HITPOINT WARNING * * *
The ice devil freezes you!!
You die...

###§○§§○....
###§○..°§☼°.##
##≈.....####.§#
##.......# ...○.
##...°...##......
#.......##.....
##...........#
##...(.###§.#
###@4#.§...#
####.§§§.#
###§§§§§§#
##°○.§§ #.## §. #


You could see an ice devil and a friendly spectral +6 staff of Battle {slice,
MP+12}.

Vanquished Creatures
  A centaur warrior (D:9)
  3 death yaks (D:9)
  A wolf spider zombie (D:10)
  A cyclops (D:10)
  An ugly thing (D:6)
  5 elephants (Lair:2)
  2 ice statues (IceCv)
  2 cane toads (Lair:1)
  8 ice devils (IceCv)
  A hornet (D:10)
  Grinder (D:5)
  6 blink frogs (Lair:1)
  9 hippogriffs
  A shadow (D:9)
  A wyvern (D:9)
  3 hungry ghosts
  19 yaks
  A basilisk (Lair:1)
  Menkaure (D:7)
  An acid dragon (D:8)
  A crocodile (Lair:2)
  4 water moccasins
  3 orc warriors
  4 porcupines
  A necrophage (D:10)
  An ice beast (D:8)
  4 sky beasts
  A black bear (D:7)
  A phantom (D:9)
  2 centaurs
  3 ogres
  6 wolves (Lair:2)
  Blork the orc (D:4)
  A big kobold (D:9)
  6 bullfrogs
  3 scorpions
  6 killer bees (D:9)
  A lava snake (D:9)
  3 centaur zombies
  4 crimson imps
  5 hounds
  5 jellies
  A bullfrog skeleton (D:5)
  7 orc priests
  3 iguanas
  10 orc wizards
  Ijyb (D:3)
  A hell rat (D:9)
  9 worker ants
  A hound zombie (D:7)
  A hound skeleton (D:8)
  8 mummies (Ossuary)
  8 gnolls
  10 adders
  2 river rats (D:9)
  2 shadow imps
  10 white imps (IceCv)
  5 ufetubi (IceCv)
  3 oozes
  4 worms
  2 dart slugs
  8 leopard geckos
  39 orcs
  10 bats
  5 giant cockroaches
  3 goblins
  4 hobgoblins
  13 jackals
  3 kobolds
  4 quokkas
  A ball python (D:1)
  6 frilled lizards
  A gnoll zombie (Ossuary)
  3 hobgoblin zombies (Ossuary)
  A jackal skeleton (D:7)
  4 kobold zombies (Ossuary)
  4 rats
331 creatures vanquished.

Vanquished Creatures (collateral kills)
  An orc (D:8)
1 creature vanquished.

Vanquished Creatures (others)
  2 white imps (IceCv)
  2 ufetubi (IceCv)
  28 spectral weapons
32 creatures vanquished.

Grand Total: 364 creatures vanquished

Notes
Turn   | Place    | Note
-------+----------+-------------------------------------------
     0 | D:1      | Morbidden the Hill Orc Archaeologist began the quest for
                  | the Orb.
     0 | D:1      | Reached XP level 1. HP: 16/16 MP: 1/1
    20 | D:1      | Got a steaming granite ring
   194 | D:1      | Identified the cursed ring of the Thirteen Souls {+Blink
                  | Stlth--} (You found it on level 1 of the Dungeon)
   288 | D:1      | Reached XP level 2. HP: 23/23 MP: 2/2
   910 | D:2      | Reached XP level 3. HP: 26/29 MP: 3/3
  1414 | D:2      | Reached skill level 1 in Armour
  1510 | D:2      | Reached XP level 4. HP: 28/37 MP: 4/4
  1674 | D:3      | Found an iron altar of Okawaru.
  1852 | D:3      | Noticed Ijyb
  2381 | D:3      | Reached XP level 5. HP: 44/44 MP: 5/5
  2381 | D:3      | Identified a scroll of acquirement
  2381 | D:3      | Identified the amulet of Gluttony {Reflect MR++ Str+8 SH+6}
                  | (You acquired it on level 3 of the Dungeon)
  2382 | D:3      | Found the +6 staff of Battle {slice, MP+12}
  2462 | D:3      | Killed Ijyb
  2893 | D:4      | Found a glowing golden altar of the Shining One.
  2893 | D:4      | Found a faded altar of an unknown god.
  2900 | D:4      | Found a hide-covered altar of Uskayaw.
  2919 | D:4      | Found a snail-covered altar of Cheibriados.
  2921 | D:4      | Found an ornate altar of the Wu Jian Council.
  2925 | D:4      | Became a worshipper of Cheibriados the Contemplative
  3067 | D:4      | Noticed a sky beast
  3075 | D:4      | Killed a sky beast
  3076 | D:4      | Reached skill level 1 in Invocations
  3076 | D:4      | Reached XP level 6. HP: 47/51 MP: 7/7
  3133 | D:4      | Noticed Blork the orc
  3138 | D:4      | Killed Blork the orc
  3139 | D:4      | Reached skill level 1 in Spellcasting
  3152 | D:4      | Found a staircase to the Ecumenical Temple.
  3274 | D:5      | Entered Level 5 of the Dungeon
  3393 | D:5      | Reached XP level 7. HP: 44/58 MP: 9/9
  3658 | D:5      | Found a bloodstained altar of Trog.
  4001 | D:5      | Found a sparkling altar of Nemelex Xobeh.
  4024 | D:5      | Noticed Grinder
  4038 | D:5      | Reached * piety under Cheibriados
  4041 | D:5      | Killed Grinder
  4042 | D:5      | Reached XP level 8. HP: 51/67 MP: 11/11
  4056 | D:5      | Learned a level 7 spell: Mana Rupture
  4363 | D:6      | Reached skill level 5 in Fighting
  4386 | D:6      | Reached skill level 5 in Armour
  4452 | D:6      | Found Jymmazud's Antique Armour Shop.
  4522 | D:6      | Found a sand-covered staircase.
  4530 | Ossuary  | Entered an ossuary
  4541 | Ossuary  | Reached ** piety under Cheibriados
  4572 | Ossuary  | Reached skill level 1 in Bows
  4738 | D:6      | Noticed a hippogriff
  4743 | D:6      | Killed a hippogriff
  4793 | D:6      | Noticed a white ugly thing
  4797 | D:6      | Killed a white ugly thing
  4798 | D:6      | Reached XP level 9. HP: 55/75 MP: 14/14
  4839 | D:6      | Found a blossoming altar of Fedhas.
  4842 | D:6      | Found a stormy altar of Qazlal.
  4878 | D:6      | Found an opulent altar of Gozag.
  5092 | D:6      | Found a corrupted altar of Lugonu.
  5097 | D:6      | Found a radiant altar of Vehumet.
  5302 | D:6      | Identified the ring "Imeuntem" {rPois Stlth++} (You
                  | acquired it on level 6 of the Dungeon)
  5370 | D:7      | Found a shimmering altar of Xom.
  5377 | D:7      | Reached skill level 5 in Invocations
  5681 | D:7      | Reached skill level 1 in Conjurations
  5771 | D:7      | Reached *** piety under Cheibriados
  5829 | D:7      | Noticed Menkaure
  5837 | D:7      | Killed Menkaure
  6293 | D:8      | Found a glowing silver altar of Zin.
  6293 | D:8      | Found a hazy altar of Hepliaklqana.
  6340 | D:8      | Reached XP level 10. HP: 75/84 MP: 15/15
  6341 | D:8      | Reached **** piety under Cheibriados
  6751 | D:8      | Found a shimmering altar of Xom.
  7352 | D:9      | Noticed a death yak
  7352 | D:9      | Noticed a death yak
  7360 | D:9      | Killed a death yak
  7362 | D:9      | Noticed a death yak
  7363 | D:9      | Killed a death yak
  7365 | D:9      | Reached ***** piety under Cheibriados
  7370 | D:9      | Reached skill level 5 in Dodging
  7370 | D:9      | Reached XP level 11. HP: 72/94 MP: 17/17
  7384 | D:9      | Killed a death yak
  7437 | D:9      | Found a staircase to the Lair.
  7707 | D:9      | Reached skill level 5 in Spellcasting
  7794 | D:9      | Noticed a centaur warrior
  7798 | D:9      | Killed a centaur warrior
  8226 | D:10     | Entered Level 10 of the Dungeon
  8226 | D:10     | Noticed a cyclops
  8331 | D:10     | Killed a cyclops
  8586 | D:10     | Reached XP level 12. HP: 106/106 MP: 20/20
  8604 | D:10     | Reached ****** piety under Cheibriados
  8605 | D:10     | Reached skill level 10 in Armour
  9088 | D:10     | Identified the cursed +3 great mace of Daty {crush, MP+9}
  9088 | D:10     | Noticed a two-headed ogre
  9088 | D:10     | Noticed lis82's ghost (journeyman DgAE)
  9089 | D:10     | Found a transporter.
  9089 | D:10     | Noticed a two-headed ogre
  9093 | D:10     | Found a transporter.
  9204 | Lair:1   | Entered Level 1 of the Lair of Beasts
  9243 | Lair:1   | Reached skill level 10 in Fighting
  9313 | Lair:1   | Found a sacrificial altar of Ru.
  9354 | Lair:1   | Reached skill level 5 in Conjurations
  9997 | Lair:2   | Found a frozen archway.
 10026 | IceCv    | Entered an ice cave
 10428 | IceCv    | HP: 3/108 [something (22)]
 10716 | IceCv    | HP: 2/108 [ice devil (7)]
 10716 | IceCv    | Demolished by an ice devil

Skill      XL: |  1  2  3  4  5  6  7  8  9 10 11 12 |
---------------+-------------------------------------+-----
Fighting       | 2 3 4 5 6 8 9 10 | 10.7
Dodging        | 3 4 5 6 |  6.3
Armour         | 1 2 3 4 6 7 9 10 | 10.5
Invocations    | 1 2 3 4 6 7 8 9 |  9.2
Spellcasting   | 1 2 3 4 5 6 |  6.2
Stealth        | 3 4 |  4.2
Bows           | 1 2 |  2.2
Conjurations   | 1 3 4 5 |  5.9
Short Blades   | | 10.7
Long Blades    | | 10.7
Axes           | | 10.7
Maces & Flails | | 10.7
Polearms       | | 10.7
Staves         | | 10.7
Unarmed Combat | | 10.7
Evocations     | |  0.5

Action                   |  1- 3 |  4- 6 |  7- 9 | 10-12 || total
-------------------------+-------+-------+-------+-------++-------
Melee: Whip              |   144 |       |       |       ||   144
       War axe           |    43 |    40 |       |       ||    83
       Short sword       |       |    69 |       |       ||    69
       Unarmed           |       |    22 |       |       ||    22
       Lajatang          |       |    32 |   196 |   356 ||   584
 Fire: Shortbow          |       |       |     2 |     6 ||     8
Throw: Stone             |     4 |       |       |       ||     4
 Abil: Evoke Blink       |       |     1 |       |       ||     1
  Use: Scroll            |       |     1 |     3 |    19 ||    23
       Potion            |       |       |       |     4 ||     4
 Stab: Sleeping          |     2 |       |       |     7 ||     9
       Distracted        |       |       |     1 |     2 ||     3
  Eat: Chunk             |     7 |     9 |    13 |    12 ||    41
       Ration            |       |       |       |     2 ||     2
Armor: Chain mail        |   119 |    75 |    43 |       ||   237
       Robe              |     1 |       |       |       ||     1
       Skin              |       |     4 |       |     3 ||     7
       Plate armour      |       |       |    94 |   149 ||   243
       Quicksilver drago |       |       |       |    61 ||    61
Dodge: Dodged            |    89 |    57 |    87 |   229 ||   462
